 Dungeon Crawl Stone Soup version 0.30.0 (webtiles) character file.

Game seed: 3899551228429202002

91 Minorbread the Trooper (level 4, 0/72 HPs)
             Began as an Ogre Warper on June 2, 2023.
             Slain by a black bear (2 damage)
             ... on level 4 of the Dungeon.
             The game lasted 00:04:56 (3610 turns).

Minorbread the Trooper (Ogre Warper)                Turns: 3610, Time: 00:04:56

Health: 0/72       AC: 22    Str: 17    XL:     4   Next: 59%
Magic:  7/7        EV:  1    Int: 14    God:
Gold:   117        SH:  0    Dex:  8    Spells: 5/7 levels left

rFire   . . .        l - +0 flail
rCold   . . .        (no shield)
rNeg    . . .        b - melded +1 robe
rPois   +            (helmet currently unavailable)
rElec   .            (cloak currently unavailable)
rCorr   .            (gloves unavailable)
SInv    .            (boots unavailable)
Will    .....        m - amulet of magic regeneration
Stlth   +            (no ring)
HPRegen 0.32/turn    (no ring)
MPRegen 0.50/turn

%: no passive effects
@: tree-form, attractive
A: stationary, stasis, torment immunity, boosted hp, large, unfitting armour,
(tough skin 1)
a: no special abilities


You were on level 4 of the Dungeon.
You were a tree.
You visited 1 branch of the dungeon, and saw 4 of its levels.

You collected 117 gold pieces.

Inventory:

Hand Weapons
 k - a +4 giant club
 l - a +0 flail (weapon)
Missiles
 j - 4 boomerangs (quivered)
Armour
 b - a +1 robe (melded)
Magical Staves
 p - a staff of conjuration
Jewellery
 m - an amulet of magic regeneration (around neck)
Scrolls
 c - a scroll of blinking
 d - 5 scrolls of identify {unknown}
 e - a scroll of magic mapping
Potions
 a - a potion of mutation {unknown}
 g - a potion of degeneration {unknown}
 i - a potion of attraction
 o - a potion of curing {unknown}
 q - a potion of ambrosia {unknown}


   Skills:
 + Level 3.9 Fighting
 * Level 3.1 Maces & Flails
 + Level 2.3 Throwing
 - Level 2.1 Dodging
 - Level 2.4 Spellcasting
 - Level 2.6 Translocations


You had 5 spell levels left.
You knew the following spells:

 Your Spells              Type           Power      Damage    Failure   Level
a - Blink                 Tloc           18%        N/A       12%         2

Your spell library contained the following spells:

 Spells                   Type           Power      Damage    Failure   Level
 Lesser Beckoning         Tloc           18%        N/A       12%         2
 Teleport Other           Tloc           9%         N/A       22%         3
 Vhi's Electric Charge    Tloc/Air       10%        N/A       36%         3
 Manifold Assault         Tloc           9%         N/A       58%         4


Dungeon Overview and Level Annotations

Branches:
Dungeon (4/15)
 Temple: D:4-7

Altars:
Trog

Annotations:
D:3 exclusion: downstairs


Innate Abilities, Weirdness & Mutations

You are a tree.
Your roots penetrate the ground, keeping you stationary.
You cannot be teleported.
You are immune to unholy pain and torment.
Your maximum health is greatly increased.
Your equipment is partially melded.
You are too large for most types of armour.
((You have tough skin. (AC +1)))


Message History

The ufetubus hits you but does no damage. x4
You closely miss the ufetubus.
The ufetubus hits you but does no damage.
The ufetubus hits you.
* * * LOW HITPOINT WARNING * * *
The ufetubus hits you but does no damage. x2
You hit the ufetubus.
The ufetubus is lightly wounded.
The ufetubus hits you but does no damage.
The ufetubus barely misses you.
The ufetubus hits you but does no damage.
The ufetubus hits you.
* * * LOW HITPOINT WARNING * * *
You hit the ufetubus but do no damage.
The ufetubus is lightly wounded.
The ufetubus hits you but does no damage. x2
You closely miss the ufetubus.
The ufetubus hits you but does no damage.
The ufetubus hits you.
* * * LOW HITPOINT WARNING * * *
The ufetubus hits you but does no damage. x2
You barely miss the ufetubus.
The ufetubus hits you but does no damage. x4
You barely miss the ufetubus.
The ufetubus hits you but does no damage. x3
The ufetubus hits you.
* * * LOW HITPOINT WARNING * * *
You hit the ufetubus.
The ufetubus is heavily wounded.
The ufetubus completely misses you.
The ufetubus hits you but does no damage. x3
You hit the ufetubus.
You kill the ufetubus!
You sock the black bear!
The black bear is moderately wounded.
The black bear bites you but does no damage.
The black bear claws you.
* * * LOW HITPOINT WARNING * * *
The black bear claws you.
You die...

*,*,* *,*,* *,*,*
*,*,* ********,*,*
,,,,,,,,,*,***#####
,*********,,,,,...*
,* ******#.#* ,*
#♣# ,* #h# ,* #.#
,* #.# .# #.# .#
#.# .* #.#
################.#
..............)..#


You could see a black bear.

Vanquished Creatures
  2 adders
  An ufetubus (D:4)
  A dart slug (D:1)
  9 orcs
  3 ball pythons
  2 bats
  4 endoplasms
  2 giant cockroaches
  6 goblins
  4 hobgoblins (D:1)
  A quokka (D:3)
  5 frilled lizards
  9 kobolds
  9 rats
58 creatures vanquished.

Vanquished Creatures (others)
  12 plants (D:3)
12 creatures vanquished.

Grand Total: 70 creatures vanquished

Notes
Turn   | Place    | Note
-------+----------+-------------------------------------------
     0 | D:1      | Minorbread the Ogre Warper began the quest for the Orb.
     0 | D:1      | Reached XP level 1. HP: 22/22 MP: 3/3
   232 | D:1      | Reached XP level 2. HP: 31/31 MP: 5/5
   235 | D:1      | Learned a level 2 spell: Blink
   622 | D:1      | Reached XP level 3. HP: 26/37 MP: 6/6
  1980 | D:3      | Reached XP level 4. HP: 40/48 MP: 7/7
  2597 | D:3      | Found a bloodstained altar of Trog.
  3092 | D:4      | Noticed a black bear
  3290 | D:4      | Noticed a scorpion
  3605 | D:4      | HP: 3/72 [ufetubus (1)]
  3610 | D:4      | HP: 2/72 [black bear (2)]
  3610 | D:4      | Slain by a black bear

Illustrated notes

Levels and vault maps discovered:
D:1:      scummos_arrival_forest, layout_rooms, chequers_serial_rivers_room_a
D:2:      layout_basic, kennysheep_nondescript
D:3:      layout_loops_corners, mainiacjoe_overflow_boulevard,
          serial_bayou_crossing
D:4:      kennysheep_big_flooded_room, layout_basic, hex_intersection

Skill      XL: |  1  2  3  4 |
---------------+-------------+-----
Fighting       | 3 |  3.9
Maces & Flails | 2 3 |  3.1
Throwing       | 2 |  2.3
Dodging        | |  2.1
Spellcasting   | |  2.4
Translocations | |  2.6

Action                     |  1- 3 |  4- 6 || total
---------------------------+-------+-------++-------
  Melee: Mace              |   128 |    35 ||   163
         Flail             |       |    42 ||    42
  Throw: Boomerang         |     7 |     1 ||     8
    Use: Scroll            |       |     3 ||     3
         Potion            |       |     2 ||     2
 Armour: Robe              |    54 |    24 ||    78
         Skin              |       |    25 ||    25
  Dodge: Dodged            |    93 |    41 ||   134
